 Dungeon Crawl Stone Soup version 0.21-a0-346-g330ab2c (webtiles) character file.

105 paralogiki the Skirmisher (level 4, -2/49 HPs)
             Began as an Ogre Gladiator on Oct 5, 2017.
             Slain by an orc wizard
             ... wielding a +2 dagger of venom
              (5 damage)
             ... on level 3 of the Dungeon.
             The game lasted 00:02:54 (1403 turns).

paralogiki the Skirmisher (Ogre Gladiator)          Turns: 1403, Time: 00:02:55

Health: -2/49      AC:  3    Str: 19    XL:     4   Next: 81%
Magic:  4/4        EV: 10    Int: 14    God:
Gold:   143        SH:  0    Dex: 10    Spells: 3/3 levels left

rFire    + . .     SeeInvis .   a - +0 flail
rCold    + . .     Gourm    +   (no shield)
rNeg     . . .     Faith    .   b - +0 robe
rPois    +         Spirit   .   c - +0 hat
rElec    +         Reflect  .   (no cloak)
rCorr    +         Harm     .   (gloves unavailable)
MR       .....                  (boots unavailable)
Stlth    +.........             k - amulet of the gourmand {Gourm, !d}
HPRegen  0.16/turn              (no ring)
MPRegen  0.09/turn              (no ring)

@: brilliant, lethally poisoned (-2 -> -25), resistant, berserk cooldown,
slowed, drained, very slow
A: unfitting armour, tough skin 1
a: no special abilities


You were on level 3 of the Dungeon.
You were completely stuffed.

You visited 1 branch of the dungeon, and saw 3 of its levels.

You collected 143 gold pieces.

Inventory:

Hand Weapons
 a - a +0 flail (weapon)
Missiles
 d - 3 throwing nets {=f, !d}
Armour
 b - a +0 robe (worn)
 c - a +0 hat (worn)
Jewellery
 k - an amulet of the gourmand (around neck) {Gourm, !d}
   (You found it on level 1 of the Dungeon)
Wands
 t - a wand of lightning (12/15)
   (You found it on level 2 of the Dungeon)
Scrolls
 e - a scroll of amnesia {unknown}
 j - a scroll of noise {unknown}
 l - a scroll of identify {@r1}
 o - a scroll of magic mapping {unknown}
 p - a scroll of fog {unknown}
 r - a scroll of recharging {unknown}
 s - a scroll of enchant weapon {unknown}
Potions
 m - a potion of curing {unknown}
Comestibles
 f - 3 bread rations {@e1}
 h - 2 royal jellies
 u - a meat ration {@e2}
 v - 15 chunks of flesh {@w0}


   Skills:
 * Level 4.9(4.7) Fighting
 * Level 3.9(3.7) Maces & Flails
 - Level 2.0(1.7) Throwing
 - Level 2.6(2.4) Dodging


You had 3 spell levels left.
You didn't know any spells.

Dungeon Overview and Level Annotations

Branches:
Dungeon (3/15)

Altars:
Nemelex Xobeh


Innate Abilities, Weirdness & Mutations

You are too large for most types of armour.
You have tough skin. (AC +1)


Message History

An orc wizard is nearby!
An orc wizard is nearby!
An orc wizard is nearby!
The orc wizard shouts!
You hear a shout!
An orc comes into view. It is wielding a dagger.
An orc priest comes into view. It is wielding a hand axe.
A goblin comes into view.
The orc wizard gestures at you while chanting.
The puff of flame hits you!
You take 10 damage, and have 38/49 hp.
MASSIVE DAMAGE!!
You thump the goblin!
You kill the goblin!
No target in view!
No target in view!
You barely miss the orc. The orc hits you but does no damage.
You thump the orc wizard!
The orc wizard hits you with a dagger of venom.
The orc closely misses you.
You take 3 damage, and have 38/49 hp.
You closely miss the orc wizard.
The orc wizard hits you but does no damage.
You are poisoned.
The orc closely misses you.
The orc wizard hits you with a dagger of venom.
You are more poisoned.
You take 2 damage, and have 36/49 hp.
You barely miss the orc wizard.
You feel sick.
The orc priest looks braver for a moment.
The orc hits you with a dagger.
The orc wizard hits you with a dagger of venom.
You are more poisoned.
You take 7 damage, and have 29/49 hp.
You sock the orc wizard!
You feel very sick. The orc barely misses you.
The orc wizard gestures at you while chanting.
You resist with some effort.
You take 3 damage, and have 26/49 hp.
You barely miss the orc wizard.
You feel very sick. The orc barely misses you.
The orc wizard points at you and mumbles some strange words.
You resist with some effort.
The orc priest invokes the aid of Beogh against you.
Beogh smites you!
* * * LOW HITPOINT WARNING * * *
The orc hits you but does no damage.
You take 13 damage, and have 13/49 hp.
MASSIVE DAMAGE!!
It was a potion of brilliance.
You feel clever all of a sudden.
* * * LOW HITPOINT WARNING * * *
You feel sick. The orc wizard casts a spell at you.
You are confused.
The orc closely misses you.
You take 2 damage, and have 11/49 hp.
It was a potion of resistance.
You feel protected.
* * * LOW HITPOINT WARNING * * *
You feel sick.
The orc wizard hits you but does no damage.
The orc completely misses you.
You take 1 damage, and have 10/49 hp.
It was a potion of berserk rage.
A red film seems to cover your vision as you go berserk!
You feel yourself moving faster!
You feel mighty!
* * * LOW HITPOINT WARNING * * *
You feel sick. The orc wizard misses you. The orc hits you but does no damage.
You now have 13/73 hp.
You barely miss the orc wizard.
* * * LOW HITPOINT WARNING * * *
You feel sick.
The orc wizard hits you but does no damage.
You take 1 damage, and have 12/73 hp.
* * * LOW HITPOINT WARNING * * *
You feel sick.
You take 1 damage, and have 11/73 hp.
You bump into the rock wall.
You feel a strong urge to attack something.
* * * LOW HITPOINT WARNING * * *
You feel sick. The orc hits you with a dagger.
* * * LOW HITPOINT WARNING * * *
You take 3 damage, and have 8/73 hp.
You bump into the rock wall.
* * * LOW HITPOINT WARNING * * *
You feel sick.
The orc wizard hits you with a dagger of venom.
* * * LOW HITPOINT WARNING * * *
You are more poisoned.
You take 3 damage, and have 5/73 hp.
You're too confused to move!
You feel your anger subside.
You feel less confused.
You are no longer berserk.
You are exhausted.
You feel yourself slow down.
* * * LOW HITPOINT WARNING * * *
You feel sick. The orc misses you.
The orc wizard hits you with a dagger of venom.
You die...

##<####...#### ####
#.# #...# ..# #.#
#...# #.# #.# ##...#
##.## #.#....... ##
####...###.#..#.#...
#.
#...o....(......#####
#. #.##oo.###.#......
#. #.###@## #†.#.#.##
#. #.# #.# ##.#.# #
#. #o###.# .# #
#.####.##o....# .#
#...o...o.....# ..
####.#.####..## .. #.
..# ##. #. #..# #.
..#


You could see an orc priest, an orc wizard and an orc.

Vanquished Creatures
  4 adders (D:2)
  An ooze (D:2)
  2 worms (D:2)
  2 dart slugs
  2 leopard geckos (D:2)
  2 giant cockroaches
  7 goblins
  10 hobgoblins
  5 jackals (D:2)
  A ball python (D:1)
  3 bats
  4 frilled lizards
  2 kobolds
  6 rats
51 creatures vanquished.

Notes
Turn   | Place    | Note
-------+----------+-------------------------------------------
     0 | D:1      | paralogiki the Ogre Gladiator began the quest for the Orb.
     0 | D:1      | Reached XP level 1. HP: 22/22 MP: 1/1
    23 | D:1      | Reached skill level 3 in Fighting
    32 | D:1      | Reached XP level 2. HP: 31/31 MP: 2/2
    36 | D:1      | Reached skill level 3 in Maces & Flails
   417 | D:2      | Reached XP level 3. HP: 39/39 MP: 3/3
   467 | D:2      | Reached skill level 4 in Fighting
   626 | D:2      | Reached XP level 4. HP: 33/49 MP: 4/4
  1312 | D:3      | Found a sparkling altar of Nemelex Xobeh.
  1396 | D:3      | HP: 11/49 [poisoned by an orc wizard]
  1401 | D:3      | HP: 11/73 [poisoned by an orc wizard]
  1402 | D:3      | HP: 5/73 [orc wizard/dagger of venom (2)]
  1403 | D:3      | Slain by an orc wizard

Vault maps used:
D:1:      minmay_arrival_semitransparent
D:3:      nicolae_overflow_hidden_temple, hangedman_ru_absence

Skill      XL: |  1  2  3 |
---------------+----------+-----
Fighting       | 3 4 |  4.9
Maces & Flails | 3 |  3.9
Throwing       | |  2.0
Dodging        | |  2.6

Action                   |  1- 3 |  4- 6 || total
-------------------------+-------+-------++-------
Melee: Flail             |    69 |    79 ||   148
  Use: Potion            |       |     3 ||     3
       Scroll            |       |     1 ||     1
 Stab: Sleeping          |     1 |       ||     1
  Eat: Chunk             |    14 |     6 ||    20
Armor: Robe              |    17 |    27 ||    44
Dodge: Dodged            |    43 |    55 ||    98

Table legend:
 A = Spawn XP
 B = Non-spawn XP
 C = Spawn XP percentage of total XP
 D = Spawn monster count
 E = Non-spawn monster count
 F = Spawn count percentage of total count
 G = Total turns spent on level
                    A         B        C        D         E        F      G
               +---------+---------+-------+---------+---------+-------+---------
         Total |       0 |     150 |   0.0 |       0 |      51 |   0.0 |  1403
               +---------+---------+-------+---------+---------+-------+---------
           D:1 |       0 |      26 |   0.0 |       0 |      17 |   0.0 |   415
           D:2 |       0 |     110 |   0.0 |       0 |      27 |   0.0 |   897
           D:3 |       0 |      14 |   0.0 |       0 |       7 |   0.0 |    91
               +---------+---------+-------+---------+---------+-------+---------

Vault maps used:
D:1:      minmay_arrival_semitransparent
D:3:      nicolae_overflow_hidden_temple, hangedman_ru_absence

Table legend:
 A = Turns spent in this place as a percentage of turns spent in the entire game.
 B = Non-inter-level travel turns spent in this place as a percentage of non-inter-level travel turns spent in the entire game.
 C = Inter-level travel turns spent in this place as a percentage of turns spent in this place.
 D = Turns resting spent in this place as a percentage of non-inter-level travel turns spent in this place.
 E = Turns spent auto-exploring this place as a percentage of non-inter-level travel turns spent in this place.
 F = Non-inter-level travel turns spent in this place divided by the number of levels of this place that you've seen.
                   A       B       C       D       E      F
               +-------+-------+-------+-------+-------+----------------------
         Total | 100.0 | 100.0 |   2.8 |  22.3 |  53.1 | 454.7
       Dungeon | 100.0 | 100.0 |   2.8 |  22.3 |  53.1 | 454.7
               +-------+-------+-------+-------+-------+----------------------

Table legend:
 A = Kills in this place as a percentage of kills in entire the game.
 B = Kills by you in this place as a percentage of kills by you in the entire game.
 C = Kills by friends in this place as a percentage of kills by friends in the entire game.
 D = Other kills in this place as a percentage of other kills in the entire game.
 E = Experience gained in this place as a percentage of experience gained in the entire game.
 F = Experience gained in this place divided by the number of levels of this place that you have seen.
                   A       B       C       D       E      F
               +-------+-------+-------+-------+-------+----------------------
         Total | 100.0 | 100.0 |   N/A |   N/A | 100.0 |  50.0
       Dungeon | 100.0 | 100.0 |   N/A |   N/A | 100.0 |  50.0
               +-------+-------+-------+-------+-------+----------------------
